 Dungeon Crawl Stone Soup version 0.20.1-1-g8b1a95d (webtiles) character file.

1278 doot the Spear-Bearer (level 8, -4/57 HPs)
             Began as a Merfolk Transmuter on Oct 21, 2017.
             Was an Initiate of Qazlal.
             Slain by a two-headed ogre
             ... wielding a +0 giant club
              (26 damage)
             ... on level 5 of the Dungeon on Nov 7, 2017.
             The game lasted 00:28:58 (8900 turns).

doot the Spear-Bearer (Merfolk Transmuter)          Turns: 8900, Time: 00:28:59

Health: -4/57      AC:  3    Str: 10    XL:     8   Next: 54%
Magic:  3/12       EV: 14    Int: 14    God:    Qazlal [......]
Gold:   252        SH:  0    Dex: 15    Spells: 2/13 levels left

rFire    . . .     SeeInvis .     - Unarmed
rCold    . . .     Gourm    .   (shield currently unavailable)
rNeg     . . .     Faith    .   H - +1 robe {MR+}
rPois    .         Spirit   .   (no helmet)
rElec    .         Reflect  .   (no cloak)
rCorr    .         Harm     .   (gloves currently unavailable)
MR       +....                  (no boots)
Stlth    ++........             y - amulet of rage
Regen    0.2/turn               (no ring)
MPRegen  0.2/turn               (no ring)

@: blade hands, very slightly contaminated
A: change form in water, swift swim, stealthy swim
a: End Transformation, Renounce Religion, Evoke Berserk Rage


You were on level 5 of the Dungeon.
You worshipped Qazlal.
Qazlal was noncommittal.
You were hungry.
You had blades for hands.
You visited 2 branches of the dungeon, and saw 8 of its levels.
You also visited: Sewer.

You collected 252 gold pieces.

Inventory:

Hand Weapons
 f - a +0 club
 q - a +0 whip
 s - a +0 halberd (melded)
Missiles
 a - 83 arrows
Armour
 H - a +1 robe of magic resistance (worn)
Magical Staves
 F - an uncursed staff of conjuration
Jewellery
 y - an amulet of rage (around neck)
Wands
 B - a wand of paralysis (13/24)
 D - a wand of polymorph (6/24)
 E - a wand of clouds (4/9)
Scrolls
 g - 4 scrolls of identify
 i - a scroll of magic mapping
 m - a scroll of immolation {unknown}
 o - a scroll of recharging {unknown}
 r - 4 scrolls of teleportation {unknown}
 u - 2 scrolls of fog {unknown}
 C - 2 scrolls of remove curse {unknown}
Potions
 e - a potion of magic {unknown}
 j - a potion of lignification {unknown}
 l - a potion of agility {unknown}
 n - a potion of berserk rage {unknown}
 p - a potion of heal wounds {unknown}
 t - a potion of haste {unknown}
 v - a potion of resistance {unknown}
 w - 2 potions of degeneration {unknown}
 x - a potion of invisibility {unknown}
 z - 2 potions of flight {unknown}
 A - 6 potions of might
 G - a potion of curing
 I - 3 potions of mutation {unknown}
Books
 b - a book of Maledictions

   Spells                             Type                      Level
   a - Corona                         Hexes                        1
   b - Ensorcelled Hibernation        Hexes/Ice                    2
   c - Confuse                        Hexes                        3
   d - Tukima's Dance                 Hexes                        3
   e - Dazzling Spray                 Conjuration/Hexes            3
 c - a book of Changes

   Spells                             Type                      Level
   a - Beastly Appendage              Transmutation                1
   b - Sticks to Snakes               Transmutation                2
   c - Spider Form                    Transmutation/Poison         3
   d - Ice Form                       Ice/Transmutation            4
   e - Blade Hands                    Transmutation                5
Comestibles
 d - 4 bread rations
 h - 8 fruits
 k - 2 royal jellies


   Skills:
 + Level 2.4 Fighting
 + Level 8.9 Polearms
 + Level 4.1 Dodging
 + Level 1.6 Stealth
 + Level 4.1 Unarmed Combat
 + Level 3.1 Spellcasting
 + Level 8.0 Transmutations


You had 2 spell levels left.
You knew the following spells:

 Your Spells              Type           Power        Failure   Level  Hunger
a - Beastly Appendage     Tmut           ###...       14%         1    #......
b - Spider Form           Tmut/Pois      ##........   50%         3    ###....
c - Sticks to Snakes      Tmut           ###.....     16%         2    ##.....
d - Blade Hands           Tmut           ###.......   65%         5    ######.


Dungeon Overview and Level Annotations

Branches:
Dungeon (7/15)             Temple (1/1) D:4

Altars:
Ashenzari
Dithmenos
Elyvilon
Fedhas
Gozag
Hepliaklqana
Kikubaaqudgha
Makhleb
Okawaru
Qazlal
Ru
Trog
Uskayaw
Vehumet
Xom
Yredelemnul
Zin
The Shining One

Annotations:
D:2 2 transporters, exclusions: oklob plant and 1 more exclusion, Menkaure


Message History

A two-headed ogre comes into view. It is wielding two giant clubs.
The two-headed ogre shouts in stereo!
You hit the centaur but do no damage. The centaur hits you.
The jackal bites you. The centaur hits you!
You hit the centaur but do no damage. The jackal closely misses you.
The centaur completely misses you. The jackal closely misses you.
You slash the centaur!
The centaur is severely wounded.
The centaur misses you. The jackal misses you.
You hit the centaur but do no damage.
The centaur is severely wounded.
The centaur hits you.
The jackal bites you but does no damage.
The centaur hits you. The jackal bites you.
You slash the two-headed ogre!
The two-headed ogre is moderately wounded.
The centaur completely misses you.
The jackal bites you but does no damage.
The two-headed ogre hits you with a giant club!!
You die...

*,,,,,,,,,,*,***,,,,,,_,,,,,
**********,,..##.,*,,,,,,,*,
*****,.....,,*,,,,,,,*,
*,,,,,.%..#*,#*,,,,,**,
*,***,#...##.#***,****, *,*
*,>.....,,,,,,,,,,, *,*
**#...###.**,***,,*
#$#####h......,,,,,,,**
#....c@O.#************
#######(## #.# ###########
#.#
#.........#####.#######****
#.#*#####.#............,,,*
#.# #.......###.#######**,*
#.# #.###.####...## *,*
#.###.###.# #.....# *,*


You could see a two-headed ogre, a centaur and a jackal.

Vanquished Creatures
  2 ice beasts (D:5)
  An ogre (D:4)
  The ghost of Ymberto the Firebug, an amateur DEFE (Sewer)
  A scorpion (D:4)
  The ghost of equalderp2856 the Skirmisher, a weakling MiFi (D:3)
  2 hounds
  3 crimson imps
  2 orc priests
  A jelly (D:5)
  5 orc wizards
  A bullfrog skeleton (D:5)
  2 iguanas
  3 worker ants
  A mummy (D:4)
  10 gnolls
  6 adders
  An ooze (D:1)
  4 worms
  2 dart slugs
  3 leopard geckos
  18 orcs
  7 bats
  5 giant cockroaches
  5 goblins
  5 hobgoblins
  15 jackals
  2 quokkas
  5 ball pythons
  6 frilled lizards
  13 kobolds
  A kobold zombie (D:4)
  A leopard gecko skeleton (D:4)
  3 orc zombies (D:4)
  7 rats
  A plant (Sewer)
146 creatures vanquished.

Vanquished Creatures (collateral kills)
  An adder (Sewer)
  A jackal (Sewer)
2 creatures vanquished.

Grand Total: 148 creatures vanquished

Notes
Turn   | Place    | Note
-------+----------+-------------------------------------------
     0 | D:1      | doot the Merfolk Transmuter began the quest for the Orb.
     0 | D:1      | Reached XP level 1. HP: 15/15 MP: 3/3
   672 | D:1      | Reached XP level 2. HP: 13/21 MP: 3/5
  1393 | D:1      | Reached XP level 3. HP: 10/26 MP: 4/6
  1630 | D:1      | Learned a level 3 spell: Spider Form
  1701 | D:2      | Reached skill level 5 in Transmutations
  1733 | D:2      | Reached XP level 4. HP: 14/32 MP: 4/7
  2064 | D:2      | Found an ancient bone altar of Kikubaaqudgha.
  2064 | D:2      | Found a basalt altar of Yredelemnul.
  2065 | D:2      | Noticed Menkaure
  2106 | D:2      | Found a transporter.
  2117 | D:2      | Found a transporter.
  2145 | D:2      | Found a blossoming altar of Fedhas.
  2158 | D:2      | Noticed an oklob plant
  2258 | D:2      | Found a shadowy altar of Dithmenos.
  2345 | D:2      | Found a hide-covered altar of Uskayaw.
  2595 | D:2      | Found an opulent altar of Gozag.
  2595 | D:2      | Found a glowing silver altar of Zin.
  2901 | D:3      | Reached skill level 1 in Polearms
  2955 | D:3      | Learned a level 2 spell: Sticks to Snakes
  2988 | D:3      | Found an iron altar of Okawaru.
  3026 | D:3      | Noticed equalderp2856's ghost (weakling MiFi)
  3170 | D:3      | Reached XP level 5. HP: 37/37 MP: 6/8
  3635 | D:3      | Killed equalderp2856's ghost
  4157 | D:3      | Reached XP level 6. HP: 16/43 MP: 5/9
  4440 | D:3      | Found a faded altar of an unknown god.
  4623 | D:4      | Reached skill level 5 in Polearms
  4980 | D:4      | You fall through a shaft for 3 floors!
  5328 | D:7      | Reached XP level 7. HP: 28/48 MP: 3/10
  5799 | D:5      | Entered Level 5 of the Dungeon
  5843 | D:5      | Found a glowing drain.
  5863 | Sewer    | Entered a sewer
  5892 | Sewer    | Noticed Ymberto's ghost (amateur DEFE)
  5905 | Sewer    | Killed Ymberto's ghost
  6878 | D:5      | Reached skill level 1 in Stealth
  6889 | D:5      | Found a white marble altar of Elyvilon.
  7015 | D:4      | Reached XP level 8. HP: 56/56 MP: 9/11
  7022 | D:4      | Learned a level 5 spell: Blade Hands
  7669 | D:4      | Found a staircase to the Ecumenical Temple.
  7678 | Temple   | Entered the Ecumenical Temple
  7797 | Temple   | Became a worshipper of Qazlal Stormbringer
  8625 | D:5      | Found a hazy altar of Hepliaklqana.
  8896 | D:5      | Noticed a two-headed ogre
  8900 | D:5      | Slain by a two-headed ogre

Skill      XL: |  1  2  3  4  5  6  7  8 |
---------------+-------------------------+-----
Transmutations | 3 4 5 6 7 8 |  8.0
Polearms       | 1 4 6 8 |  8.9
Dodging        | 3 4 |  4.1
Stealth        | 1 |  1.6
Fighting       | 2 |  2.4
Unarmed Combat | 4 |  4.1
Spellcasting   | 3 |  3.1

Action                   |  1- 3 |  4- 6 |  7- 9 || total
-------------------------+-------+-------+-------++-------
Melee: Club              |    26 |       |       ||    26
       Whip              |    58 |     1 |       ||    59
       Unarmed           |    19 |    58 |    81 ||   158
       Headbutt          |    10 |     9 |     4 ||    23
       Halberd           |       |   146 |   148 ||   294
       Tailslap          |       |       |    11 ||    11
 Cast: Beastly Appendage |    12 |     7 |    11 ||    30
       Spider Form       |     2 |    10 |     5 ||    17
       Sticks to Snakes  |       |     1 |     1 ||     2
       Blade Hands       |       |       |     8 ||     8
 Abil: End Transformatio |       |     1 |       ||     1
       Evoke Berserk Rag |       |       |     1 ||     1
  Use: Potion            |       |     1 |     3 ||     4
       Scroll            |       |       |     2 ||     2
 Stab: Sleeping          |       |     2 |     1 ||     3
       Distracted        |       |     2 |       ||     2
  Eat: Chunk             |     3 |    13 |    17 ||    33
Armor: Robe              |    24 |    12 |    19 ||    55
       Skin              |       |     3 |     2 ||     5
Dodge: Dodged            |   105 |   154 |   154 ||   413
